[Event "Early-Titled-Tuesday-Blitz-January-30-2024"]
[Site "Chess.com"]
[Date "2024.01.30"]
[Round "5"]
[White "lacafi"]
[Black "alexrustemov"]
[Result "0-1"]
[WhiteElo "2240"]
[BlackElo "2771"]
[TimeControl "180+1"]
[EndTime "8:56:04 PST"]
[Termination "alexrustemov won by resignation"]

1. d4 g6 2. Nf3 Bg7 3. c4 c5 4. e3 Nf6 5. Be2 O-O 6. O-O cxd4 7. exd4 d5 8. b3 Nc6 9. Bb2 Bf5 10. Nc3 Rc8 11.
a3 dxc4 12. bxc4 Ne4 13. Nxe4 Bxe4 14. Qd2 Bxf3 15. Bxf3 Nxd4 16. Bxd4 Qxd4 17. Qxd4 Bxd4 18. Rad1 e5 19. Bxb7 Rxc4 20. Rd3 Rb8 21. Bd5 Rc5 22. Bb3 Kg7 23. g3 f5 24. Kg2 Kf6 25. f4 Rcb5 26. Bc4 Rb2+ 27. Kh3 Rc2 28. fxe5+ Bxe5 29. Bb3 Rc3 30.
Rfd1 Rbxb3 0-1

[Event "Early-Titled-Tuesday-Blitz-January-30-2024"]
[Site "Chess.com"]
[Date "2024.01.30"]
[Round "5"]
[White "Roosters19"]
[Black "RantomOpening"]
[Result "0-1"]
[WhiteElo "2307"]
[BlackElo "2507"]
[TimeControl "180+1"]
[EndTime "8:56:04 PST"]
[Termination "RantomOpening won by checkmate"]

1. d4 d5 2. Nf3 e6 3. Bf4 Nf6 4. e3 Bd6 5. Bg3 O-O 6. Bd3 c5 7. c3 Qc7 8. Nbd2 Nbd7 9. Qe2 e5 10. dxe5 Nxe5 11. Nxe5 Bxe5 12. Nf3 Bd6 13. O-O-O Be6 14. Kb1 Rab8 15. Ng5 h6 16. Nxe6 fxe6 17. Bc2 b5 18. e4 Bxg3 19. hxg3 b4 20. cxb4 Rxb4 21. exd5 exd5 22.
g4 Rfb8 23. b3 c4 24. g5 cxb3 25. axb3 Ne4 26. Qd3 Nc3+ 27. Kb2 Nxd1+ 28. Rxd1 Qe5+ 29. Ka2 Ra4+ 30. bxa4 Qb2# 0-1

[Event "Early-Titled-Tuesday-Blitz-January-30-2024"]
[Site "Chess.com"]
[Date "2024.01.30"]
[Round "5"]
[White "NovakRatko"]
[Black "Darkbluelord"]
[Result "1-0"]
[WhiteElo "2380"]
[BlackElo "2117"]
[TimeControl "180+1"]
[EndTime "8:56:04 PST"]
[Termination "NovakRatko won by resignation"]

1. d4 c5 2. dxc5 e6 3. Be3 Na6 4. a3 Bxc5 5. Bxc5 Nxc5 6. b4 Na4 7. c3 Nb6 8. e4 Nf6 9. e5 Nfd5 10. c4 Ne7 11. f4 O-O 12. Nf3 d5 13. exd6 Nf5 14. c5 Nd5 15. Bc4 Nde3 16. Qe2 Nxc4 17. Qxc4 b6 18. Qe4 Ba6 19. Kf2 bxc5 20. bxc5 Qf6 21. Nbd2 Rac8 22. Rhc1 Qb2 23. Qe5 Qb7 24. Rab1 Qc6 25.
g4 Nh6 26. h3 Rfe8 27. Nd4 f6 28. Nxc6 fxe5 29. Ne7+ Kf8 30. Nxc8 Rxc8 1-0

[Event "Early-Titled-Tuesday-Blitz-January-30-2024"]
[Site "Chess.com"]
[Date "2024.01.30"]
[Round "5"]
[White "Legendinunknown"]
[Black "MITerryble"]
[Result "0-1"]
[WhiteElo "2835"]
[BlackElo "2992"]
[TimeControl "180+1"]
[EndTime "8:56:05 PST"]
[Termination "MITerryble won by checkmate"]

1. d4 e6 2. c4 Bb4+ 3. Nd2 Nf6 4. Nf3 a5 5. e3 b6 6. Bd3 Bb7 7. O-O Bxd2 8. Nxd2 d5 9. Qc2 O-O 10. b3 Nbd7 11.
Bb2 c5 12. Rac1 Rc8 13. Qb1 Qe7 14. Rfd1 cxd4 15. Bxd4 e5 16. Bb2 Nc5 17. Be2 d4 18. exd4 exd4 19. Bf3 Rcd8 20. Bxb7 Qxb7 21. Nf3 d3 22.
Bxf6 gxf6 23. a3 Qe4 24. Rc3 Kh8 25. b4 Rg8 26. Kh1 Rxg2 27. Kxg2 Rg8+ 28. Kf1 Qe2# 0-1

[Event "Early-Titled-Tuesday-Blitz-January-30-2024"]
[Site "Chess.com"]
[Date "2024.01.30"]
[Round "5"]
[White "guillembaches"]
[Black "GHANDEEVAM2003"]
[Result "0-1"]
[WhiteElo "2547"]
[BlackElo "3048"]
[TimeControl "180+1"]
[EndTime "8:56:05 PST"]
[Termination "GHANDEEVAM2003 won by checkmate"]

1. d4 d6 2. Nf3 g6 3. Bg5 Bg7 4. Nbd2 Nc6 5. c3 Nh6 6. e4 f6 7.
Bh4 e5 8. dxe5 dxe5 9. Nc4 Be6 10.
Qb3 Qc8 11. a4 O-O 12. Qc2 Nf7 13. Be2 Nd6 14. Nfd2 f5 15. O-O f4 16. Nxd6 cxd6 17. Bc4 Bxc4 18. Nxc4 Qg4 19. Nxd6 Qxh4 20. Qb3+ Kh8 21.
Nf7+ Rxf7 22. Qxf7 Rf8 23. Qe6 f3 24. g3 Qxe4 25.
Rfe1 Qf5 26. Qxf5 gxf5 27. Rad1 e4 28. Rd7 Ne5 29. Rxb7 Rd8 30. a5 a6 31. Rb6 h5 32.
h4 Rd2 33. Rxa6 e3 34. Rxe3 Rd1+ 35. Kh2 Ng4+ 36. Kh3 Rh1# 0-1

[Event "Early-Titled-Tuesday-Blitz-January-30-2024"]
[Site "Chess.com"]
[Date "2024.01.30"]
[Round "5"]
[White "Timerkhanov"]
[Black "MFatigue"]
[Result "1-0"]
[WhiteElo "2661"]
[BlackElo "2463"]
[TimeControl "180+1"]
[EndTime "8:56:08 PST"]
[Termination "Timerkhanov won on time"]

1. d4 d5 2. Nf3 Nf6 3. g3 c5 4. Bg2 cxd4 5. O-O h6 6. Nxd4 e5 7. Nb3 Nc6 8. Nc3 Be6 9. f4 Qb6+ 10. e3 exf4 11. gxf4 Be7 12. Kh1 Rd8 13. Nd4 Nxd4 14. exd4 Bf5 15. Re1 Rd7 16. Re5 Ng4 17. Re2 Nf6 18.
Qe1 Qxd4 19. Be3 Qb4 20. a3 Qd6 21. Nb5 Qc6 22. Nd4 1-0

[Event "Early-Titled-Tuesday-Blitz-January-30-2024"]
[Site "Chess.com"]
[Date "2024.01.30"]
[Round "5"]
[White "Alexchess1984"]
[Black "Grischuk"]
[Result "0-1"]
[WhiteElo "2742"]
[BlackElo "3081"]
[TimeControl "180+1"]
[EndTime "8:56:09 PST"]
[Termination "Grischuk won by resignation"]

1. e4 e5 2. Nf3 Nc6 3. Bb5 a6 4.
Ba4 Nf6 5. d3 d6 6. c3 g6 7. O-O Bg7 8. h3 O-O 9. Re1 b5 10. Bb3 Na5 11. Bc2 c5 12. Nbd2 Re8 13. Nf1 h6 14. Ng3 Nc6 15. Be3 Bd7 16. Qd2 Kh7 17. d4 Qe7 18. d5 Na5 19. b3 Reb8 20.
Kh2 Nb7 21. Ng1 a5 22. f4 b4 23. c4 a4 24. Rad1 axb3 25. Bxb3 h5 26. Nf3 h4 27.
Nxh4 Ng4+ 28. hxg4 Qxh4+ 29. Kg1 Qxg3 30. f5 Qxg4 0-1

[Event "Early-Titled-Tuesday-Blitz-January-30-2024"]
[Site "Chess.com"]
[Date "2024.01.30"]
[Round "5"]
[White "Elsa167"]
[Black "DefiantChair"]
[Result "1-0"]
[WhiteElo "2848"]
[BlackElo "2591"]
[TimeControl "180+1"]
[EndTime "8:56:10 PST"]
[Termination "Elsa167 won by checkmate"]

1. d4 Nf6 2. c4 e6 3. Nf3 d5 4.
Nc3 Bb4 5. Bg5 dxc4 6. e4 c5 7. e5 cxd4 8. Qa4+ Nc6 9. O-O-O Qb6 10. exf6 dxc3 11. fxg7 Rg8 12. Rd8+ Qxd8 13. Bxd8 cxb2+ 14. Kxb2 Kxd8 15. Bxc4 Rxg7 16. Rd1+ Kc7 17. Bb5 Rxg2 18. Bxc6 bxc6 19. Ne5 Bb7 20. Rd7+ Kc8 21. Qxb4 Rb8 22. Qf8# 1-0

[Event "Early-Titled-Tuesday-Blitz-January-30-2024"]
[Site "Chess.com"]
[Date "2024.01.30"]
[Round "5"]
[White "carloseduar100"]
[Black "DeArron_Fox"]
[Result "0-1"]
[WhiteElo "2280"]
[BlackElo "2464"]
[TimeControl "180+1"]
[EndTime "8:56:11 PST"]
[Termination "DeArron_Fox won on time"]

1. e4 c5 2. Nf3 e6 3. Nc3 a6 4. g3 b5 5. Bg2 Bb7 6. d3 Nf6 7. O-O d6 8. Ne2 Be7 9. c3 O-O 10. Nd2 Nc6 11. d4 b4 12. e5 dxe5 13. dxe5 Nd7 14. Nc4 Qc7 0-1

[Event "Early-Titled-Tuesday-Blitz-January-30-2024"]
[Site "Chess.com"]
[Date "2024.01.30"]
[Round "5"]
[White "hmatyi07"]
[Black "Viktor_Poddubnyi"]
[Result "1-0"]
[WhiteElo "2213"]
[BlackElo "2305"]
[TimeControl "180+1"]
[EndTime "8:56:14 PST"]
[Termination "hmatyi07 won by resignation"]

1. e4 g6 2. d4 Bg7 3. Nc3 d6 4. Be3 a6 5. Qd2 b5 6. O-O-O Bb7 7. f3 Nd7 8. h4 h5 9. Nh3 Ngf6 10. Ng5 e6 11. Kb1 Qe7 12. Ne2 e5 13. d5 Nb6 14.
Nc1 O-O 15. Nb3 a5 16. Nxa5 Ba6 17. Nc6 Qd7 18. Bxb6 cxb6 19. Qb4 Qc7 20. Bxb5 Nd7 21. g4 hxg4 22. Ne7+ Kh8 23. h5 Bf6 24. hxg6+ 1-0

[Event "Early-Titled-Tuesday-Blitz-January-30-2024"]
[Site "Chess.com"]
[Date "2024.01.30"]
[Round "5"]
[White "Onthequiet"]
[Black "Casper"]
[Result "0-1"]
[WhiteElo "2402"]
[BlackElo "2540"]
[TimeControl "180+1"]
[EndTime "8:56:16 PST"]
[Termination "Casper won by resignation"]

1. d4 d5 2. Nf3 Nf6 3. c4 dxc4 4. e3 Bg4 5. Bxc4 e6 6. h3 Bh5 7. g4 Bg6 8. Ne5 Nbd7 9. Nxg6 hxg6 10. Nc3 a6 11. Qf3 b5 12. Bb3 c5 13. g5 Nh5 14.
Qc6 cxd4 15. exd4 Bb4 16. Be3 O-O 17. Rd1 Nb6 18. Kf1 Rc8 19. Qb7 Bxc3 20. bxc3 Rxc3 21. Qxa6 Nd5 22. Bd2 Rf3 23. Qxb5 Rf5 24. Qc6 Ng3+ 25. Kg2 Nxh1 26. Rxh1 Nf4+ 27. Bxf4 Rxf4 28. h4 Qxd4 0-1

[Event "Early-Titled-Tuesday-Blitz-January-30-2024"]
[Site "Chess.com"]
[Date "2024.01.30"]
[Round "5"]
[White "KanalSzachowy"]
[Black "Kunalm64"]
[Result "1-0"]
[WhiteElo "2349"]
[BlackElo "2542"]
[TimeControl "180+1"]
[EndTime "8:56:17 PST"]
[Termination "KanalSzachowy won by checkmate"]

1. e4 c6 2. d4 d5 3. f3 dxe4 4. fxe4 e5 5. Nf3 Bg4 6. Bc4 Nd7 7. c3 b5 8. Bd3 Ngf6 9. O-O a6 10. Bg5 c5 11.
Qe1 Be7 12. d5 c4 13. Bc2 Bh5 14. Qg3 Bg6 15. Nxe5 Nxe5 16. Qxe5 O-O 17. Bxf6 Bxf6 18. Qg3 b4 19. Nd2 bxc3 20. bxc3 Qb6+ 21. Kh1 Qb2 22.
Rac1 Rac8 23. d6 Bxc3 24. d7 Bxd2 25. dxc8=Q Rxc8 26. Rb1 Qxc2 27. Rb8 Rf8 28. Qd6 Bb4 29. Rxf8# 1-0

[Event "Early-Titled-Tuesday-Blitz-January-30-2024"]
[Site "Chess.com"]
[Date "2024.01.30"]
[Round "5"]
[White "Kostukov_Alex"]
[Black "santosalberto1987"]
[Result "0-1"]
[WhiteElo "2307"]
[BlackElo "2522"]
[TimeControl "180+1"]
[EndTime "8:56:19 PST"]
[Termination "santosalberto1987 won on time"]

1. g3 Nf6 2. Bg2 e5 3. c4 Nc6 4. Nf3 e4 5. Ng5 d5 6. cxd5 Qxd5 7. d3 Bb4+ 8. Nc3 Qa5 9. Nxe4 Nxe4 10. Bxe4 Bh3 11.
Bd2 O-O 12. Rg1 f5 13. Bd5+ Kh8 14. Bxc6 bxc6 15. a3 Bd6 16. Qa4 Qb6 17. Rb1 Bg4 18. Be3 Bc5 19. Bxc5 Qxc5 20. Qc4 Qe7 21. Kd2 Rfe8 22.
f3 Bh5 23. e4 Bxf3 24. Rbe1 fxe4 25. Nxe4 Rad8 26. Kc2 Rd5 27. b4 Re5 28. h4 a5 29.
Ng5 Bd5 0-1

[Event "Early-Titled-Tuesday-Blitz-January-30-2024"]
[Site "Chess.com"]
[Date "2024.01.30"]
[Round "5"]
[White "jens1102"]
[Black "LileKoridze"]
[Result "1-0"]
[WhiteElo "2578"]
[BlackElo "2362"]
[TimeControl "180+1"]
[EndTime "8:56:23 PST"]
[Termination "jens1102 won by resignation"]

1. e4 c5 2. Nf3 d6 3. d4 cxd4 4.
Nxd4 Nf6 5. Nc3 a6 6. f3 e5 7. Nb3 Be6 8. Be3 Nbd7 9. Qd2 h5 10. O-O-O b5 11. Nd5 Nxd5 12. exd5 Bf5 13. Kb1 Be7 14. Bd3 Bxd3 15. Qxd3 Qc7 16. Rhe1 O-O 17.
f4 exf4 18. Bxf4 Bf6 19. Nd4 Be5 20. Bxe5 Nxe5 21. Qh3 g6 22. Re3 Rac8 23. c3 b4 24. cxb4 Qc4 25. a3 Qxd5 26. Qg3 Ng4 27. Ree1 Rfe8 28.
Rxe8+ Rxe8 29. Qf3 Qxf3 30. Nxf3 Re2 31. Rxd6 Rxg2 32.
Rxa6 Rf2 33. b5 Rxf3 34. b6 Rb3 35. Ka2 Rb5 36. a4 Rb4 37. Ka3 Re4 38. b7 Re8 39. Ra8 1-0

[Event "Early-Titled-Tuesday-Blitz-January-30-2024"]
[Site "Chess.com"]
[Date "2024.01.30"]
[Round "5"]
[White "kleinebeer98"]
[Black "artooon"]
[Result "0-1"]
[WhiteElo "2859"]
[BlackElo "3004"]
[TimeControl "180+1"]
[EndTime "8:56:24 PST"]
[Termination "artooon won by checkmate"]

1. e4 e5 2. Nc3 Nc6 3. Bc4 Nf6 4. d3 Bb4 5. Ne2 d5 6. exd5 Nxd5 7.
O-O Nb6 8. Bb5 O-O 9. Bxc6 bxc6 10. f4 exf4 11. Nxf4 Re8 12. Kh1 Bxc3 13. bxc3 Nd5 14. Qf3 f6 15. c4 Nxf4 16. Bxf4 Qd7 17. Rab1 Ba6 18. Qg3 Re7 19. h3 Rae8 20. Kh2 c5 21. Bd2 Re2 22. Bc3 Rxc2 23. Bxf6 Bc8 24. Be5 Rxe5 25. Rb8 Ree2 26. Rg1 h6 27. Kh1 Kh7 28.
Qf3 Qf5 29. Qg3 Bd7 30. Qxc7 Rxg2 31. Rxg2 Qxh3+ 32. Qh2 Rc1+ 33. Rg1 Bc6# 0-1

[Event "Early-Titled-Tuesday-Blitz-January-30-2024"]
[Site "Chess.com"]
[Date "2024.01.30"]
[Round "5"]
[White "VeraVujovic"]
[Black "tetrix83"]
[Result "0-1"]
[WhiteElo "2260"]
[BlackElo "2564"]
[TimeControl "180+1"]
[EndTime "8:56:26 PST"]
[Termination "tetrix83 won by resignation"]

1. e4 c5 2. Nf3 d6 3. d4 cxd4 4. Nxd4 Nf6 5. Nc3 a6 6. f4 e6 7. Be2 Qc7 8. O-O Nbd7 9. Be3 b5 10. Bf3 Bb7 11. Qd3 Nc5 12. Qe2 b4 13. Nd1 Ncxe4 14. Nf2 d5 15. Bxe4 dxe4 16. Rfe1 Bd6 17. g3 O-O 18. Rad1 Rfd8 19. Rd2 Bd5 20. b3 h5 21.
Red1 g6 22. Rc1 Bb7 23. Rcd1 Rac8 24. h3 Be7 25. Kg2 Qc3 26. g4 Nd5 27. gxh5 Nxe3+ 28. Kh2 Nxd1 29. Qxd1 e3 30. Rd3 Rxd4 31. Rxc3 Rxd1 32.
Rxc8+ Bxc8 33. Nxd1 e2 0-1

[Event "Early-Titled-Tuesday-Blitz-January-30-2024"]
[Site "Chess.com"]
[Date "2024.01.30"]
[Round "5"]
[White "levallem"]
[Black "NtcPou"]
[Result "1-0"]
[WhiteElo "2351"]
[BlackElo "2056"]
[TimeControl "180+1"]
[EndTime "8:56:27 PST"]
[Termination "levallem won by resignation"]

1. d4 d5 2. Nf3 c6 3. e3 Bf5 4. Bd3 Bxd3 5. Qxd3 Nf6 6. O-O Nbd7 7. Nbd2 e6 8. b3 Bd6 9. Bb2 O-O 10. Ne5 Qe7 11.
f4 Ba3 12. Bxa3 Qxa3 13. Nxd7 Nxd7 14. e4 dxe4 15. Nxe4 Qe7 16. Ng5 Nf6 17. Rae1 h6 18. Nf3 Qd6 19. f5 exf5 20. Qxf5 Rfe8 21. Re5 Nd7 22.
Rxe8+ Rxe8 23. c3 Re2 24. Ng5 Nf6 25. Qc8+ Re8 26. Rxf6 Rxc8 27. Rxd6 hxg5 28. Rd7 Rb8 29. Kf2 g6 30. Ke3 Kg7 31. c4 a5 32. Kd3 b5 33.
c5 a4 34. Rc7 axb3 35. axb3 Re8 36. Rxc6 Re1 37. d5 Kf8 38. d6 Ke8 39. Rc8+ Kd7 40.
Rc7+ Ke6 41. Re7+ 1-0

[Event "Early-Titled-Tuesday-Blitz-January-30-2024"]
[Site "Chess.com"]
[Date "2024.01.30"]
[Round "5"]
[White "cycygogne"]
[Black "tusplingher"]
[Result "0-1"]
[WhiteElo "2281"]
[BlackElo "2468"]
[TimeControl "180+1"]
[EndTime "8:56:28 PST"]
[Termination "tusplingher won by resignation"]

1. Nf3 Nf6 2. b3 b6 3. Bb2 Bb7 4. e3 e6 5. Bd3 c5 6. O-O d6 7. a4 Nbd7 8. Na3 a6 9. Re1 Be7 10.
e4 O-O 11. e5 Bxf3 12. Qxf3 Nxe5 13. Bxe5 dxe5 14. Nc4 e4 15. Bxe4 Nxe4 16. Rxe4 Bf6 17. Rae1 b5 18. Ne5 Bxe5 19. Rxe5 Qxd2 20. h4 Qxc2 21. h5 h6 22. Qb7 Qxb3 23. Rxc5 Qxa4 24. Rc7 b4 25. Rxe6 Qd1+ 26. Kh2 Qxh5+ 27. Kg1 Rfb8 28. Qc6 fxe6 29. Qd7 Qg6 30. Rc6 b3 31. Rxe6 Qf7 32. Re7 Qg6 33. Re6 b2 34. Rxg6 b1=Q+ 35. Kh2 Qxg6 0-1

[Event "Early-Titled-Tuesday-Blitz-January-30-2024"]
[Site "Chess.com"]
[Date "2024.01.30"]
[Round "5"]
[White "andrzej"]
[Black "Incognito_Knight"]
[Result "1-0"]
[WhiteElo "2451"]
[BlackElo "2722"]
[TimeControl "180+1"]
[EndTime "8:56:29 PST"]
[Termination "andrzej won on time"]

1. e4 c5 2. Nf3 e6 3. d4 cxd4 4. Nxd4 a6 5. c4 Nf6 6. Nc3 Qc7 7. a3 b6 8. Bd3 Bb7 9. O-O Bd6 10. f4 Bc5 11. Be3 e5 12. fxe5 Qxe5 13. Rf5 Qe7 14.
Rxc5 Qxc5 15. Nf5 Qc7 16. Nxg7+ Kf8 17. Qf3 Qe5 18. Nf5 h5 19. Bd4 Qe6 20. Nd5 1-0

[Event "Early-Titled-Tuesday-Blitz-January-30-2024"]
[Site "Chess.com"]
[Date "2024.01.30"]
[Round "5"]
[White "Sattarov_Bobur"]
[Black "JuniorJumper"]
[Result "1-0"]
[WhiteElo "2772"]
[BlackElo "2517"]
[TimeControl "180+1"]
[EndTime "8:56:29 PST"]
[Termination "Sattarov_Bobur won by resignation"]

1. e4 e5 2. Nf3 Nc6 3. Bc4 Nf6 4. Nc3 Be7 5. d3 O-O 6. a4 d6 7. h3 Be6 8. O-O d5 9. exd5 Nxd5 10. Ne4 h6 11.
Re1 f5 12. Ng3 Bf6 13. c3 Kh7 14. a5 a6 15. Qb3 Qd7 16. Nxf5 Bxf5 17. Bxd5 Bxd3 18.
Rd1 Qf5 19. Qxb7 Ne7 20. Rxd3 Nxd5 21. Rxd5 e4 22. Rxf5 1-0

[Event "Early-Titled-Tuesday-Blitz-January-30-2024"]
[Site "Chess.com"]
[Date "2024.01.30"]
[Round "5"]
[White "ChEsper99"]
[Black "yobdc"]
[Result "0-1"]
[WhiteElo "2147"]
[BlackElo "2558"]
[TimeControl "180+1"]
[EndTime "8:56:29 PST"]
[Termination "yobdc won by resignation"]

1. e4 c5 2. Nf3 Nf6 3. Nc3 Nc6 4. Bb5 Nd4 5. Bd3 d6 6. Nxd4 cxd4 7. Ne2 e5 8. c3 dxc3 9. Nxc3 Be7 10. O-O O-O 11.
Bc2 Bg4 12. Qe1 Rc8 13. Bb3 Be6 14. Qd1 d5 15. d3 h6 16. Bd2 Qd7 17. Re1 d4 18.
Ne2 Ne8 19. f4 exf4 20. Bxf4 Nc7 21. Rc1 Na6 22. Bxe6 Qxe6 23. Be5 Qxe5 0-1

[Event "Early-Titled-Tuesday-Blitz-January-30-2024"]
[Site "Chess.com"]
[Date "2024.01.30"]
[Round "5"]
[White "Yushko_Olga"]
[Black "RCone"]
[Result "1-0"]
[WhiteElo "2173"]
[BlackElo "2400"]
[TimeControl "180+1"]
[EndTime "8:56:29 PST"]
[Termination "Yushko_Olga won on time"]

1. d4 d6 2. Nf3 Nf6 3. c4 g6 4.
Nc3 Bg7 5. Bg5 h6 6. Bh4 O-O 7. e3 Nc6 8. Be2 g5 9. Bg3 Nh5 10. Qc2 Nxg3 11. hxg3 e5 12. dxe5 Nxe5 13. O-O c6 14.
Rfd1 Qe7 15. Rac1 Be6 16. Ne4 Rad8 17. c5 d5 18. Nd6 Rd7 19. b4 f5 20. Nd4 f4 21.
exf4 gxf4 22. N4f5 Qg5 23. gxf4 Qxf4 24. g3 Nf3+ 25. Kg2 1-0

[Event "Early-Titled-Tuesday-Blitz-January-30-2024"]
[Site "Chess.com"]
[Date "2024.01.30"]
[Round "5"]
[White "HanSchut"]
[Black "Luklei18"]
[Result "0-1"]
[WhiteElo "2262"]
[BlackElo "2464"]
[TimeControl "180+1"]
[EndTime "8:56:30 PST"]
[Termination "Luklei18 won by resignation"]

1. e4 e6 2. d4 d5 3. e5 c5 4. c3 Nc6 5. Nf3 Qb6 6. Bd3 cxd4 7. O-O Bd7 8. Re1 Nge7 9. h4 a6 10. h5 g6 11. Nbd2 gxh5 12. cxd4 Nxd4 13. Nxd4 Qxd4 14. Nf3 Qg4 15. Be2 Qg7 16. Bf4 Nf5 17. Bd3 Qg4 18. g3 Rg8 19. Bxf5 Qxf4 20. Bxh7 Rg7 21. Nh4 Qxh4 0-1

[Event "Early-Titled-Tuesday-Blitz-January-30-2024"]
[Site "Chess.com"]
[Date "2024.01.30"]
[Round "5"]
[White "djano"]
[Black "sjoerd893"]
[Result "0-1"]
[WhiteElo "2686"]
[BlackElo "2508"]
[TimeControl "180+1"]
[EndTime "8:56:31 PST"]
[Termination "sjoerd893 won on time"]

1. e4 c5 2. Nc3 Nc6 3. Bb5 Nd4 4. Nf3 Nxb5 5. Nxb5 a6 6. Nc3 d6 7. d4 cxd4 8. Qxd4 Nf6 9. Bg5 e5 10. Qb4 d5 11. Qb3 d4 12. Nxe5 Be6 13. Qxb7 dxc3 14.
Qc6+ Ke7 15. Qb7+ Ke8 16. Qc6+ Ke7 17. O-O Rc8 18. Qb7+ Qc7 19. Qb4+ Qc5 20. Qb7+ Rc7 21. Qb8 Qxe5 22. bxc3 h6 23. Be3 Nd7 24. Qa8 Qd6 25.
e5 Qc6 0-1

[Event "Early-Titled-Tuesday-Blitz-January-30-2024"]
[Site "Chess.com"]
[Date "2024.01.30"]
[Round "5"]
[White "Grandelicious"]
[Black "ChessSwole"]
[Result "1-0"]
[WhiteElo "2907"]
[BlackElo "2624"]
[TimeControl "180+1"]
[EndTime "8:56:34 PST"]
[Termination "Grandelicious won by resignation"]

1. Nf3 Nf6 2. c4 e6 3. b3 d5 4. Bb2 Be7 5. g3 O-O 6. Bg2 c5 7.
cxd5 Nxd5 8. O-O Bf6 9. Qc1 b6 10. d4 cxd4 11. Nxd4 Bb7 12. e4 Nb4 13. Rd1 Qc8 14.
Qxc8 Rxc8 15. e5 Bxg2 16. exf6 Bb7 17. fxg7 N8c6 18. Nxc6 Bxc6 19. Nc3 f6 20. a3 Na6 21.
Rd6 Kf7 22. g8=Q+ Kxg8 23. Rxe6 Nc5 24. Rxf6 Nxb3 25. Rd1 Nc5 26. Rd4 Be8 27. Nd5 Bg6 28.
Ne7+ Kg7 29. Rxg6+ hxg6 30. Nxc8 1-0

[Event "Early-Titled-Tuesday-Blitz-January-30-2024"]
[Site "Chess.com"]
[Date "2024.01.30"]
[Round "5"]
[White "ricaurtelopezj1955"]
[Black "Felix-Rose"]
[Result "1-0"]
[WhiteElo "2140"]
[BlackElo "2350"]
[TimeControl "180+1"]
[EndTime "8:56:34 PST"]
[Termination "ricaurtelopezj1955 won on time"]

1. e4 e5 2. d4 exd4 3. c3 Qe7 4. cxd4 Qxe4+ 5. Be2 Nc6 6. Nf3 Bb4+ 7. Nc3 Nge7 8. O-O Bxc3 9. bxc3 d5 10. Re1 O-O 11.
Bd3 Qg4 12. h3 Qd7 13. Ba3 Re8 14. Bb5 Ng6 15. Qd2 a6 16. Rxe8+ Qxe8 17. Re1 Qd7 18.
Bd3 b5 19. Bc5 Bb7 20. Qg5 h6 21. Qg3 Nce7 22. h4 Nf5 23. Qh3 Bc8 24. Bxf5 Qxf5 25.
Re8+ Kh7 26. Qxf5 Bxf5 27. Rxa8 1-0

[Event "Early-Titled-Tuesday-Blitz-January-30-2024"]
[Site "Chess.com"]
[Date "2024.01.30"]
[Round "5"]
[White "Tunahan_Makaraci"]
[Black "amintabatabaei"]
[Result "0-1"]
[WhiteElo "2545"]
[BlackElo "2933"]
[TimeControl "180+1"]
[EndTime "8:56:36 PST"]
[Termination "amintabatabaei won on time"]

1. e4 g6 2. d4 d6 3. Nc3 Nf6 4. Bg5 Bg7 5. Qd2 c6 6. Bh6 Bxh6 7. Qxh6 b5 8. f3 e5 9. O-O-O Nbd7 10. dxe5 dxe5 11.
Bxb5 cxb5 12. Nxb5 Qb6 13. Qg7 Qxb5 14. Qxh8+ Ke7 15.
Nh3 Rb8 16. b3 Qa5 17. Kb1 Nc5 18. Ng5 Na4 19. Rd3 Nc3+ 20. Rxc3 Qxc3 21. Rd1 Qc7 22.
Qg7 Be6 23. f4 Rc8 24. Rd2 exf4 25. Re2 Qe5 26. Nf3 Qb5 27. e5 Qxe2 28. exf6+ Kd7 0-1

[Event "Early-Titled-Tuesday-Blitz-January-30-2024"]
[Site "Chess.com"]
[Date "2024.01.30"]
[Round "5"]
[White "Shushik"]
[Black "GelmanAlexander"]
[Result "0-1"]
[WhiteElo "2525"]
[BlackElo "2786"]
[TimeControl "180+1"]
[EndTime "8:56:36 PST"]
[Termination "GelmanAlexander won by resignation"]

1. e4 c5 2. Ne2 e6 3. d4 cxd4 4. Nxd4 a6 5. c4 d6 6. Nc3 Nf6 7. Be3 b6 8. Be2 Bb7 9. f3 Nbd7 10. Qd2 h6 11. O-O g5 12. b4 Rg8 13. Bd3 Rc8 14.
Rac1 Ne5 15. Na4 Nfd7 16. Be2 h5 17. Rfd1 Qf6 18. Nb3 g4 19. f4 Nf3+ 20. Bxf3 gxf3 21. g3 h4 22. Kf2 hxg3+ 23. hxg3 Qg6 24. Rg1 Nf6 25.
Nc3 Bxe4 26. Ke1 Rxc4 27. Nd4 d5 28. a3 Bd6 29. Nd1 b5 30. Nf2 Qh5 31. Rh1 Qg6 32.
Rg1 Rh8 33. Rxc4 bxc4 34. Qd1 Kf8 35. Nxf3 Bxf3 36. Qxf3 Rh2 37. Qd1 Ne4 38. Ng4 Rb2 39.
Bd4 Rd2 40. Qa1 Qxg4 0-1

[Event "Early-Titled-Tuesday-Blitz-January-30-2024"]
[Site "Chess.com"]
[Date "2024.01.30"]
[Round "5"]
[White "nindjaxx8"]
[Black "elchacal664"]
[Result "0-1"]
[WhiteElo "2587"]
[BlackElo "2371"]
[TimeControl "180+1"]
[EndTime "8:56:37 PST"]
[Termination "elchacal664 won on time"]

1. d4 Nf6 2. c4 g6 3. Nc3 d5 4.
Bf4 Bg7 5. e3 O-O 6. Nf3 c5 7.
Be2 cxd4 8. exd4 dxc4 9. O-O Nd5 10. Be3 Nb6 11. a4 a5 12. Qc2 Nc6 13. Rad1 Bf5 14. Qc1 Nb4 15. Ne5 Rc8 16. h4 Nd3 17. Nxd3 cxd3 18. Bxd3 Bxd3 19. Rxd3 Nxa4 20. h5 Nxc3 21. bxc3 Qd5 22. h6 Bf6 23. Qa3 Rc4 24. Rb1 Rfc8 25.
Rb6 Qf5 26. Rd1 Rxc3 27. Qa4 R3c7 28. Rdb1 Bg5 29. R6b5 e5 30. Qa1 Bxe3 31. fxe3 Rc2 32. Rf1 Qg5 0-1

[Event "Early-Titled-Tuesday-Blitz-January-30-2024"]
[Site "Chess.com"]
[Date "2024.01.30"]
[Round "5"]
[White "Skatchkov_V"]
[Black "amanjazu"]
[Result "1-0"]
[WhiteElo "2618"]
[BlackElo "2417"]
[TimeControl "180+1"]
[EndTime "8:56:38 PST"]
[Termination "Skatchkov_V won by resignation"]

1. d4 Nf6 2. c4 g6 3. Nc3 Bg7 4. e4 d6 5. h3 O-O 6. Bg5 c5 7.
d5 a6 8. a4 Nbd7 9. Nf3 Rb8 10. Bd3 h6 11. Be3 Ne8 12. Qd2 Kh7 13. O-O Nc7 14. Bf4 b5 15. cxb5 axb5 16. axb5 Ne5 17. Nxe5 dxe5 18. Be3 Qd6 19. Rfc1 Bd7 20. Ra5 Rfc8 21.
Qe2 e6 22. Na4 exd5 23. Bxc5 Qf6 24. Ba7 dxe4 25. Bxe4 Rxb5 26. Rxb5 Bxb5 27. Qd1 Rd8 28. Qb3 Qa6 29. Rxc7 Qxa4 30. Qxf7 Rd7 31. Bxg6+ Kh8 32. Qe8+ 1-0

[Event "Early-Titled-Tuesday-Blitz-January-30-2024"]
[Site "Chess.com"]
[Date "2024.01.30"]
[Round "5"]
[White "OneTrickPony_82"]
[Black "RaulPerezGuerra"]
[Result "0-1"]
[WhiteElo "2512"]
[BlackElo "2421"]
[TimeControl "180+1"]
[EndTime "8:56:39 PST"]
[Termination "RaulPerezGuerra won by resignation"]

1. d4 d5 2. c4 e5 3. dxe5 d4 4. Nf3 Nc6 5. Nbd2 Nge7 6. h4 Ng6 7. Nb3 Ngxe5 8. Nxe5 Nxe5 9. Qxd4 Qxd4 10. Nxd4 Nxc4 11.
a3 Bc5 12. Nb5 Bb6 13. e3 Ne5 14. b4 Bf5 15. Nd4 Bxd4 16. exd4 Nd3+ 17. Bxd3 Bxd3 18.
Be3 Kd7 19. Kd2 Be4 20. f3 Bd5 21. Rac1 h5 22. Rhe1 Rhe8 23. Bf4 c6 24. Be5 f6 25.
Bf4 a5 26. Rxe8 Kxe8 27. b5 cxb5 28. Rc7 b4 29. axb4 axb4 30. Rxg7 Ra2+ 31. Kd3 b3 32. Rc7 Rxg2 33. Rc1 b2 34. Re1+ Kd7 35. Kc3 Ba2 0-1